 Dungeon Crawl Stone Soup version 0.20.1-1-g8b1a95d (webtiles) character file.

218 vatarom the Gusty (level 5, -6/39 HPs)
             Began as a Demonspawn Air Elementalist on Oct 1, 2017.
             Killed by divine providence
             ... invoked by an orc priest
              (9 damage)
             ... on level 4 of the Dungeon.
             The game lasted 00:09:18 (3704 turns).

vatarom the Gusty (Demonspawn Air Elementalist)     Turns: 3704, Time: 00:09:20

Health: -6/39      AC:  5    Str:  9    XL:     5   Next: 63%
Magic:  5/8        EV: 12    Int: 19    God:
Gold:   158        SH:  0    Dex: 13    Spells: 3/9 levels left

rFire    + . .     SeeInvis .   k - +2 quarterstaff (chaos)
rCold    + . .     Gourm    .   (shield currently unavailable)
rNeg     + . .     Faith    .   o - +2 robe {rN+}
rPois    +         Spirit   .   (helmet restricted)
rElec    .         Reflect  .   l - +0 cloak
rCorr    .         Harm     .   (no gloves)
MR       .....                  (no boots)
Stlth    ++........             (no amulet)
Regen    0.2/turn               c - ring of protection from cold
MPRegen  0.2/turn               n - ring of protection from fire

@: very slightly contaminated
A: horns 1, clever 1, poison resistance, powered by pain 2, screaming 1
a: no special abilities


You were on level 4 of the Dungeon.
You were not hungry.

You visited 1 branch of the dungeon, and saw 4 of its levels.

You collected 158 gold pieces.

Inventory:

Hand Weapons
 k - a +2 quarterstaff of chaos (weapon)
Armour
 a - a +0 robe
 l - a +0 cloak (worn)
 o - a +2 robe of positive energy (worn)
Jewellery
 c - a ring of protection from cold (left hand)
 n - a ring of protection from fire (right hand)
Scrolls
 e - a scroll of fog
 f - 3 scrolls of remove curse
 h - 2 scrolls of fear
 i - 3 scrolls of blinking
Potions
 d - 2 potions of curing
 m - a potion of lignification
Books
 b - a book of Air

   Spells                             Type                      Level
   a - Shock                          Conjuration/Air              1
   b - Swiftness                      Charms/Air                   2
   c - Static Discharge               Conjuration/Air              3
   d - Airstrike                      Air                          4
   e - Lightning Bolt                 Conjuration/Air              5
Comestibles
 j - 2 bread rations


   Skills:
 + Level 2.6 Fighting
 - Level 1.8 Dodging
 - Level 1.9 Stealth
 + Level 2.6 Spellcasting
 * Level 3.3 Conjurations
 + Level 3.6 Air Magic


You had 3 spell levels left.
You knew the following spells:

 Your Spells              Type           Power        Failure   Level  Hunger
a - Shock                 Conj/Air       ###.         3%          1    #......
b - Swiftness             Chrm/Air       #.......     12%         2    ##.....
c - Static Discharge      Conj/Air       ###.....     12%         3    ###....


Dungeon Overview and Level Annotations

Branches:
Dungeon (4/15)
 Temple: D:4-7

Altars:
Zin

Annotations:
D:3 Natasha


Innate Abilities, Weirdness & Mutations

You sometimes gain power by taking damage.
You have a pair of small horns on your head.
Your mind is acute. (Int +2)
Your system is resistant to poisons. (rPois)
You occasionally shout uncontrollably at your foes.


Message History

Confirm with . or Enter, or press ? or * to list all spells.
Aiming: Shock
Press: ? - help, Shift-Dir - straight line, f/p - Natasha
Aim: Natasha (moderately wounded)
You miscast Shock.
You are very lightly contaminated with residual magic.
Strange energies run through your body. Natasha casts a spell at you.
The magic dart hits you!
* * * LOW HITPOINT WARNING * * *
You aren't carrying any items that you can evoke.
Unknown command.
Unknown command.
Natasha casts a spell at you. The magic dart hits you!
* * * LOW HITPOINT WARNING * * *
You climb downwards.
The orc misses you.
The orc priest invokes the aid of Beogh against you.
Beogh smites you!
You die...

## #.# # #.# .#
#.## ..#
##.####...##
##..o........
#Z†.o@.......
#..†..o.......
#.o.######...##
#.#. ..# #. o
.# # .# # .. #.


You could see 2 orc priests, 2 orcs and an adder skeleton.

Vanquished Creatures
  Crazy Yiuf (D:2)
  Jessica (D:3)
  Natasha (twice) (D:3)
  2 adders
  3 gnolls
  2 oozes
  A worm (D:2)
  A dart slug (D:2)
  4 leopard geckos
  An orc (D:4)
  A ball python (D:3)
  A giant cockroach (D:2)
  5 goblins
  2 hobgoblins
  2 quokkas
  7 bats
  8 frilled lizards
  12 kobolds
  8 rats
64 creatures vanquished.

Notes
Turn   | Place    | Note
-------+----------+-------------------------------------------
     0 | D:1      | vatarom the Demonspawn Air Elementalist began the quest for the Orb.
     0 | D:1      | Reached XP level 1. HP: 13/13 MP: 3/3
   501 | D:1      | Gained mutation: You sometimes gain a little power by taking damage. [demonic ancestry]
   501 | D:1      | Reached XP level 2. HP: 11/19 MP: 1/5
   617 | D:1      | Gained mutation: Your mind is acute. (Int +2) [potion of mutation]
   617 | D:1      | Gained mutation: You have a pair of small horns on your head. [potion of mutation]
   617 | D:1      | Gained mutation: You occasionally shout uncontrollably at your foes. [potion of mutation]
   617 | D:1      | Gained mutation: Your system is resistant to poisons. (rPois) [potion of mutation]
  1466 | D:2      | Gained mutation: You sometimes gain power by taking damage. [demonic ancestry]
  1466 | D:2      | Reached XP level 3. HP: 25/25 MP: 1/6
  1586 | D:1      | Learned a level 2 spell: Swiftness
  1590 | D:1      | Learned a level 3 spell: Static Discharge
  1643 | D:1      | Reached skill level 1 in Fighting
  2124 | D:2      | Reached XP level 4. HP: 28/32 MP: 7/7
  2200 | D:2      | Found a glowing silver altar of Zin.
  2303 | D:2      | Found a runed door.
  2307 | D:2      | Noticed Crazy Yiuf
  2313 | D:2      | Killed Crazy Yiuf
  2932 | D:3      | Noticed Natasha
  2940 | D:3      | Killed Natasha
  2940 | D:3      | Reached XP level 5. HP: 16/38 MP: 5/8
  3286 | D:3      | Noticed Natasha
  3297 | D:3      | Killed Natasha
  3566 | D:3      | Noticed Jessica
  3578 | D:3      | Killed Jessica
  3700 | D:3      | Noticed Natasha
  3704 | D:4      | Killed from afar by an orc priest

Skill      XL: |  1  2  3  4 |
---------------+-------------+-----
Air Magic      | 3 |  3.6
Fighting       | 1 2 |  2.6
Conjurations   | 2 3 |  3.3
Dodging        | |  1.8
Stealth        | |  1.9
Spellcasting   | |  2.6

Action                   |  1- 3 |  4- 6 || total
-------------------------+-------+-------++-------
Melee: Dagger            |    34 |       ||    34
       Headbutt          |     4 |     8 ||    12
       Whip              |     2 |    16 ||    18
       Quarterstaff      |       |    43 ||    43
       Unarmed           |       |    11 ||    11
 Cast: Shock             |    50 |    20 ||    70
       Static Discharge  |     3 |     1 ||     4
  Use: Scroll            |     6 |     3 ||     9
       Potion            |     5 |     1 ||     6
 Stab: Sleeping          |     2 |     4 ||     6
  Eat: Royal jelly       |     1 |     1 ||     2
       Bread ration      |     1 |       ||     1
       Chunk             |       |     1 ||     1
Armor: Robe              |     9 |    14 ||    23
       Skin              |       |     6 ||     6
Dodge: Dodged            |    37 |    51 ||    88
